 Dungeon Crawl Stone Soup version 0.30-a0-170-g85af917532 (webtiles) character file.

Game seed: 6574129675037631352

1622 KennySheep the Chopper (level 8, 0/69 HPs)
             Began as a Palentonga Gladiator on Oct 1, 2022.
             Was a Believer of Ashenzari.
             Slain by a phantom (5 damage)
             ... on level 5 of the Dungeon.
             The game lasted 00:13:35 (4946 turns).

KennySheep the Chopper (Palentonga Gladiator)       Turns: 4946, Time: 00:13:35

Health: 0/69       AC: 17    Str: 25    XL:     8   Next: 65%
Magic:  8/8        EV:  9    Int:  9    God:    Ashenzari [**....]
Gold:   316        SH:  0    Dex: 12    Spells: 7/7 levels left

rFire   . . .      SeeInvis +    i - +4 broad axe (drain)
rCold   . . .      Faith    .    (no shield)
rNeg    . . .      Spirit   .    b - +0 leather armour "Lashed Together" {Melee, Range} (curse)
rPois   .          Reflect  .    c - +0 helmet "Enlightened Desperation" {Fort, Comp} (curse)
rElec   .          Harm     .    (no cloak)
rCorr   .          Rampage  .    h - +0 pair of gloves of Ashenzari's Fetters {Elem, Comp} (curse)
Will    .....                    x - +0 barding "Shattered Together" {Str+4, Self, Bglg} (curse)
Stlth   +.........               (no amulet)
HPRegen 0.21/turn                (no ring)
MPRegen 0.11/turn                (no ring)

@: curled up
A: large, rugged brown scales 3, see invisible, deformed body, roll 1, armoured
tail, reflexive curl
a: Rolling Charge, Renounce Religion, Shatter the Chains


You were on level 5 of the Dungeon.
You worshipped Ashenzari.
Ashenzari was pleased with you.
You visited 1 branch of the dungeon, and saw 5 of its levels.

You collected 316 gold pieces.

Inventory:

Hand Weapons
 a - a +0 war axe
 i - a +4 broad axe of draining (weapon)
Missiles
 d - 4 throwing nets
 e - a javelin
Armour
 b - the cursed +0 leather armour "Lashed Together" (worn) {Melee, Range}

   It has a curse which improves the following skills: Melee Combat: Short
   Blades, Long Blades, Axes, Maces & Flails, Polearms, Staves and Unarmed
   Combat.
   Ranged Combat: Ranged Weapons and Throwing.
 c - the cursed +0 helmet "Enlightened Desperation" (worn) {Fort, Comp}

   It has a curse which improves the following skills: Fortitude: Armour and
   Shields.
   Companions: Summonings and Necromancy.
 h - the cursed +0 pair of gloves of Ashenzari's Fetters (worn) {Elem, Comp}
   (You found it on level 1 of the Dungeon)

   It has a curse which improves the following skills: Elements: Fire Magic, Ice
   Magic, Air Magic and Earth Magic.
   Companions: Summonings and Necromancy.
 r - the +1 ring mail of Ignis's Hatred {rN+ Str+2 Int+4 Dex-2}
   (You found it on level 3 of the Dungeon)

   Str:       It affects your strength (+2).
   Int:       It affects your intelligence (+4).
   Dex:       It affects your dexterity (-2).
   rN:        It protects you from negative energy.
 x - the cursed +0 barding "Shattered Together" (worn) {Str+4, Self, Bglg}
   (You acquired it on level 5 of the Dungeon)

   Str:       It affects your strength (+4).
   It has a curse which improves the following skills: Introspection: Fighting
   and Spellcasting.
   Beguiling: Conjurations, Hexes and Translocations.
Wands
 u - a wand of charming (10)
 v - a wand of flame (14)
Scrolls
 f - 7 scrolls of identify
 l - a scroll of butterflies
 n - 2 scrolls of vulnerability
 o - a scroll of silence
 t - a scroll of enchant armour
 w - a scroll of amnesia
 y - a scroll of blinking
Potions
 g - 2 potions of lignification
 j - a potion of mutation
 k - 2 potions of heal wounds
 m - 4 potions of attraction
 p - 2 potions of curing
 q - a potion of haste
 s - a potion of might


   Skills:
 + Level 5.2(6.4) Fighting
 * Level 7.6(8.9) Axes
 + Level 3.9(5.1) Throwing
 + Level 4.7 Dodging


You had 7 spell levels left.
You didn't know any spells.
Your spell library contained the following spells:

 Spells                   Type           Power      Damage    Failure   Level
 Summon Small Mammal      Summ           0%         N/A       38%         1
 Call Imp                 Summ           0%         N/A       54%         2
 Static Discharge         Conj/Air       0%         2-2/arc   56%         2
 Call Canine Familiar     Summ           0%         N/A       77%         3
 Portal Projectile        Hex/Tloc       0%         N/A       78%         3
 Summon Guardian Golem    Hex/Summ       0%         N/A       78%         3
 Hailstorm                Conj/Ice       0%         3d3       80%         3
 Ice Form                 Ice/Tmut       0%         N/A       99%         4
 Leda's Liquefaction      Hex/Erth       0%         N/A       99%         4
 Blade Hands              Tmut           0%         N/A       100%        5
 Irradiate                Conj/Tmut      0%         3d11      100%        5
 Summon Forest            Summ/Tloc      0%         N/A       100%        5
 Simulacrum               Ice/Necr       0%         N/A       100%        6
 Dragon Form              Tmut           0%         N/A       100%        7
 Summon Horrible Things   Summ           0%         N/A       100%        8


Dungeon Overview and Level Annotations

Branches:
Dungeon (5/15)             Temple (0/1) D:5

Altars:
Ashenzari
Sif Muna


Innate Abilities, Weirdness & Mutations

You are completely covered in rugged brown scales. (AC +3, +7% HP)
You have supernaturally acute eyesight. (SInv)
Armour fits poorly on your strangely shaped body.
You can roll at nearby foes to attack.
You have a long armoured tail.
You curl defensively after being hit. (AC +7*)


Message History

The phantom hits you but does no damage.
The gnoll sergeant barely misses you.
You barely miss the phantom.
The phantom hits you but does no damage.
The gnoll sergeant hits you from afar with a +2 vorpal spear.
The phantom hits you but does no damage.
The gnoll sergeant hits you but does no damage.
You barely miss the phantom.
The phantom hits you but does no damage.
The gnoll sergeant closely misses you.
You closely miss the phantom. You tail-slap the phantom.
The phantom is moderately damaged.
The phantom closely misses you.
The gnoll sergeant hits you from afar with a +2 vorpal spear.
You barely miss the phantom.
Your tail-slap misses the phantom.
The phantom is moderately damaged.
The gnoll sergeant hits you from afar with a +2 vorpal spear.
The phantom hits you but does no damage.
You slash the phantom!
You tail-slap the phantom, but do no damage.
The phantom is severely damaged.
The phantom closely misses you.
The gnoll sergeant hits you from afar with a +2 vorpal spear.
You completely miss the phantom.
Your tail-slap misses the phantom.
The phantom is severely damaged.
The phantom barely misses you.
The gnoll sergeant hits you from afar with a +2 vorpal spear.
You hit the phantom.
The phantom is almost destroyed.
The phantom hits you.
* * * LOW HITPOINT WARNING * * *
The gnoll sergeant hits you from afar with a +2 vorpal spear!
* * * LOW HITPOINT WARNING * * *
x2 You miss the phantom.
Your tail-slap misses the phantom.
The phantom is almost destroyed.
The phantom hits you but does no damage.
The gnoll sergeant hits you from afar with a +2 vorpal spear.
* * * LOW HITPOINT WARNING * * *
x2 The phantom hits you.
You die...

#......#..#......##.#.
#......#..#......##...
#####†.#..#..########.
#......#..#......#....
#......#).#......#.##.
#..#####{.#####..#.##.
#......#..#......#.##.
#......#..#......#.##.
#####@.#..#..#####.##.
*{∆ #W.#..#..#...#.###
, #g.#.{#..#)).#....
#.?.†..#.{#..'..)#####
########..########
#...## ###..##
##..#########
####...........


You could see a phantom and a gnoll sergeant.

Vanquished Creatures
  Menkaure (D:5)
  Duvessa (D:5)
  An orc warrior (D:4)
  A black bear (D:5)
  A centaur (D:5)
  2 phantoms (D:5)
  5 scorpions
  Dowan (D:5)
  5 hounds
  A jelly (D:3)
  An orc priest (D:4)
  4 iguanas (D:5)
  3 orc wizards
  9 adders
  2 shadow imps (D:5)
  A white imp (D:5)
  2 ufetubi (D:5)
  2 worms (D:3)
  3 dart slugs
  20 orcs
  8 ball pythons
  4 bats
  10 endoplasms
  2 giant cockroaches
  8 goblins
  6 hobgoblins
  4 jackals (D:3)
  6 quokkas
  6 frilled lizards
  10 kobolds
  5 rats
135 creatures vanquished.

Vanquished Creatures (others)
  2 fungi (D:1)
  2 plants (D:1)
4 creatures vanquished.

Grand Total: 139 creatures vanquished

Notes
Turn   | Place    | Note
-------+----------+-------------------------------------------
     0 | D:1      | KennySheep the Palentonga Gladiator began the quest for the
                  | Orb.
     0 | D:1      | Reached XP level 1. HP: 17/17 MP: 1/1
   414 | D:1      | Reached XP level 2. HP: 23/23 MP: 2/2
   568 | D:1      | Found a faded altar of an unknown god.
   577 | D:1      | Prayed at the altar of an unknown god.
   577 | D:1      | Became a worshipper of Ashenzari the Shackled
   834 | D:1      | Reached XP level 3. HP: 26/29 MP: 3/3
  1261 | D:2      | Identified a scroll of acquirement
  1461 | D:2      | Reached * piety under Ashenzari
  2255 | D:3      | Reached ** piety under Ashenzari
  2260 | D:3      | Identified the +1 ring mail of Ignis's Hatred {rN+ Str+2
                  | Int+4 Dex-2}
  2264 | D:3      | Reached skill level 4 in Axes
  2264 | D:3      | Reached XP level 4. HP: 31/36 MP: 4/4
  2278 | D:3      | Acquired a +3 broad axe of draining
  2569 | D:3      | Reached XP level 5. HP: 27/42 MP: 5/5
  2984 | D:4      | Noticed an orc warrior
  3090 | D:4      | Killed an orc warrior
  3091 | D:4      | Reached XP level 6. HP: 11/50 MP: 6/6
  3352 | D:4      | Reached skill level 5 in Axes
  3623 | D:4      | Noticed an orc warrior
  3630 | D:4      | HP: 2/50 [orc warrior/+0 long sword (11)]
  3637 | D:5      | Entered Level 5 of the Dungeon
  3853 | D:5      | Found a staircase to the Ecumenical Temple.
  3857 | D:5      | Identified the +2 pair of boots of Lyletor {rC- Int+5}
  3881 | D:5      | Noticed Menkaure
  3885 | D:5      | Killed Menkaure
  3886 | D:5      | Gained mutation: You curl defensively after being hit. (AC
                  | +7*) [Palentonga growth]
  3886 | D:5      | Reached XP level 7. HP: 56/56 MP: 7/7
  3929 | D:5      | Found a shimmering blue altar of Sif Muna.
  3989 | D:5      | Noticed Dowan
  3990 | D:5      | Noticed Duvessa
  3996 | D:5      | Killed Dowan
  4001 | D:5      | Killed Duvessa
  4002 | D:5      | Reached skill level 6 in Axes
  4393 | D:5      | Reached XP level 8. HP: 50/65 MP: 8/8
  4686 | D:5      | Reached skill level 7 in Axes
  4719 | D:5      | Acquired the +0 barding of Distant Shores {Str+4}
  4742 | D:5      | Identified the Vellum of Overcast Formation
  4749 | D:5      | Reached skill level 5 in Fighting
  4946 | D:5      | Slain by a phantom

Illustrated notes

Levels and vault maps discovered:
D:1:      onia_arrival_pentagram, layout_loops_ring,
          dreamdust_ecumenical_altar_grove, amcnicky_mini_rare_corridor_liquid
D:2:      layout_loops_cross, minmay_circle_x
D:3:      layout_loops_ring, dreamdust_princess_bridge, minmay_between
D:4:      layout_cave_pools, serial_shops, nicolae_square_shop,
          guppyfry_early_orc_mine, uniq_blork_the_orc, uniq_ijyb
D:5:      kennysheep_windowed_halls, layout_basic,
          mainiacjoe_overflow_surrounded_room, minmay_temple_entry_mist,
          minmay_bent, uniq_duvessa, uniq_menkaure

Skill      XL: |  1  2  3  4  5  6  7  8 |
---------------+-------------------------+-----
Axes           | 4 5 6 7 |  7.6
Throwing       | 2 3 |  3.9
Dodging        | 3 4 |  4.7
Fighting       | 3 4 5 |  5.2

Action                   |  1- 3 |  4- 6 |  7- 9 || total
-------------------------+-------+-------+-------++-------
Melee: War axe           |   102 |     3 |       ||   105
       Tailslap          |     5 |    11 |    13 ||    29
       Broad axe         |       |   103 |    89 ||   192
       Punch             |       |       |     1 ||     1
Invok: Curse Item        |     3 |       |     1 ||     4
 Abil: Rolling Charge    |       |     3 |     2 ||     5
  Use: Scroll            |     1 |     2 |     1 ||     4
       Potion            |       |     3 |       ||     3
Armor: Leather armour    |    42 |    41 |    81 ||   164
Dodge: Dodged            |    54 |    54 |    70 ||   178

Table legend: (Time is in decaauts)
 A = Elapsed time spent in this place.
 B = Non-inter-level travel time spent in this place.
 C = Inter-level travel time spent in this place.
 D = Time resting spent in this place.
 E = Time spent auto-exploring this place.
 F = Levels seen in this place.
 G = Mean time per level.
                   A        B        C        D        E       F      G
               +--------+--------+--------+--------+--------+-----+--------+
         Total |   5006 |   4891 |    115 |    866 |   3154 |   5 | 1001.2 |
       Dungeon |   5006 |   4891 |    115 |    866 |   3154 |   5 | 1001.2 |
               +--------+--------+--------+--------+--------+-----+--------+

Top non-repeatable levels by time:
     D:5: 1310 daAuts
     D:3: 1310 daAuts
     D:1: 1244 daAuts
     D:2: 718 daAuts
     D:4: 422 daAuts
